 Dungeon Crawl Stone Soup version 0.29.0-7-g18a832c13a (webtiles) character file.

Game seed: 18294452121234650878

14949 sanka the Grappler (level 11, -21/109 HPs)
             Began as a Troll Cinder Acolyte on Aug 31, 2022.
             Was a Priest of Okawaru.
             Killed from afar by Frances (46 damage)
             ... with an iron shot
             ... on level 12 of the Dungeon.
             The game lasted 00:25:56 (11395 turns).

sanka the Grappler (Troll Cinder Acolyte)          Turns: 11395, Time: 00:25:57

Health: -21/109    AC: 11    Str: 24    XL:     11   Next: 95%
Magic:  16/16      EV:  8    Int: 12    God:    Okawaru [***...]
Gold:   688        SH:  5    Dex:  7    Spells: 10/18 levels left

rFire   . . .      SeeInvis .     - Unarmed
rCold   . . .      Faith    .   (no shield)
rNeg    . . .      Spirit   .   D - +1 swamp dragon scales
rPois   +          Reflect  +   (helmet restricted)
rElec   .          Harm     .   i - +0 cloak
rCorr   .          Rampage  .   (gloves unavailable)
Will    .....                   (boots unavailable)
Stlth   ..........              x - amulet of reflection
HPRegen 1.08/turn               (no ring)
MPRegen 0.15/turn               (no ring)

@: silenced (expiring), studying Transmutations
A: large, unfitting armour, claws 3, regeneration 1, shaggy fur 1, tough skin 1
a: Renounce Religion


You were on level 12 of the Dungeon.
You worshipped Okawaru.
Okawaru was most pleased with you.
You visited 2 branches of the dungeon, and saw 13 of its levels.

You collected 688 gold pieces.


Innate Abilities, Weirdness & Mutations

You are too large for most types of armour.
You have claws for hands.
Your natural rate of healing is unusually fast.
You are covered in fur. (AC +1)
You have tough skin. (AC +1)


   Skills:
 - Level 7.0 Fighting
 - Level 1.2 Shields
 - Level 12.0 Unarmed Combat
 - Level 4.0 Spellcasting
 + Level 8.9 Transmutations
 - Level 2.1 Fire Magic
 + Level 7.2 Earth Magic
 - Level 4.0 Invocations


You had 10 spell levels left.
You knew the following spells:

 Your Spells              Type           Power      Damage    Failure   Level
N - Passwall              Tmut/Erth      17%        N/A       1%          2
X - Statue Form           Tmut/Erth      14%        N/A       89%         6

Your spell library contained the following spells:

 Spells                   Type           Power      Damage    Failure   Level
 Sandblast                Erth           38%        2d10      1%          1
 Petrify                  Tmut/Erth      21%        N/A       13%         4
 Scorch                   Fire           14%        2d6       22%         2
 Stone Arrow              Conj/Erth      22%        3d8       24%         3
 Magic Dart               Conj           8%         1d3       34%         1
 Sublimation of Blood     Necr           2%         N/A       45%         2
 Mephitic Cloud           Conj/Pois/Air  2%         N/A       71%         3
 Ozocubu's Armour         Ice            2%         N/A       71%         3
 Irradiate                Conj/Tmut      6%         3d13      83%         5
 Corpse Rot               Necr/Pois/Air  2%         N/A       98%         4
 Dispel Undead            Necr           2%         3d7       98%         4
 Fireball                 Conj/Fire      2%         3d4       99%         5
 Iskenderun's Battlesphe  Conj           2%         2d6       100%        5
 Metabolic Englaciation   Hex/Ice        1%         N/A       100%        5
 Conjure Ball Lightning   Conj/Air       1%         3x3d6     100%        6
 Orb of Destruction       Conj           1%         9d5       100%        7
 Ozocubu's Refrigeration  Ice            1%         4d7       100%        7
 Call Imp                 Summ           Unusable   N/A       N/A         2
 Death Channel            Necr           Unusable   N/A       N/A         6

Inventory:

Hand Weapons
 b - a +3 long sword of flaming
 y - the +11 war axe "Oqomoe" {freeze, rPois rC++ Int-4 SInv}

   It freezes those it strikes, dealing additional cold damage.
   It can also slow down cold-blooded creatures.
   Int:       It affects your intelligence (-4).
   rC:        It greatly protects you from cold.
   rPois:     It protects you from poison.
   SInv:      It lets you see invisible.
Missiles
 m - 5 large rocks (quivered) {=f}
 r - 17 javelins
 A - 5 throwing nets {=f}
Armour
 a - a +0 robe
 i - a +0 cloak (worn)
 o - a +0 kite shield
 z - a +0 troll leather armour
 D - +1 swamp dragon scales (worn)
 M - +0 acid dragon scales
Magical Staves
 l - a staff of fire
 K - a staff of poison
Jewellery
 x - an amulet of reflection (around neck)
 H - an amulet of reflection
Wands
 J - a wand of polymorph (8)
 N - a wand of roots (3)
 O - a wand of paralysis (8)
Scrolls
 d - 3 scrolls of amnesia
 g - 2 scrolls of vulnerability {!r}
 j - 5 scrolls of fear
 p - 4 scrolls of silence {!r}
 s - 5 scrolls of poison
 t - 3 scrolls of noise {!r}
 u - 4 scrolls of teleportation {@r4}
 v - 2 scrolls of acquirement
 B - a scroll of torment {unknown}
 L - a scroll of brand weapon
Potions
 c - 4 potions of flight
 e - a potion of attraction {!q}
 f - 10 potions of curing {@q1}
 h - 2 potions of heal wounds {@q2}
 k - 4 potions of invisibility
 n - 6 potions of lignification {!q}
 q - a potion of degeneration {!q}
 w - a potion of ambrosia
 C - a potion of magic
 E - a potion of brilliance {unknown}
 F - 4 potions of might
 I - a potion of resistance {unknown}
Miscellaneous
 G - a condenser vane (inert)

Dungeon Overview and Level Annotations

Branches:
Dungeon (12/15)            Temple (1/1) D:4            Lair (0/5) D:9
    Orc (0/2) D:9

Altars:
Ashenzari
Elyvilon
Fedhas
Gozag
Hepliaklqana
Kikubaaqudgha
Makhleb
Nemelex Xobeh
Okawaru
Qazlal
Ru
Sif Muna
Trog
Uskayaw
Vehumet
Wu Jian
Xom
Yredelemnul
Zin
The Shining One

Annotations:
D:10 2 runed translucent doors
D:12 Frances

........▒
▒......▒
▒.......
........▒
▒.[....▒
▒▒▒▒▒▒+▒
'▒▒▒▒▒▒▒▒
▒......▒ ..▒
▒......▒ ▒.▒
▒▒▒.▒▒▒▒ ▒.▒
▒..▒ ▒.▒
▒▒▒.▒▒▒▒▒
▒.▒
▒.......▒
▒.▒
▒....T..▒
▒.▒
▒....@..▒
▒.▒▒▒▒▒▒▒
▒▒.......▒
.........
.▒.......▒▒
▒.▒▒▒▒▒▒▒
.(.........
▒.▒
▒▒▒.).....▒▒
▒.▒
▒.......▒
▒.▒
▒.......▒
▒.▒ ▒▒.▒


You could see Frances.


Message History

You scratch Frances but do no damage.
Frances is moderately wounded.
You block Frances's attack.
You scratch Frances but do no damage.
Frances is moderately wounded.
Frances hits you with a +3 vorpal long sword!
You scratch Frances.
Frances is moderately wounded.
Frances hits you with a +3 vorpal long sword.
* * * LOW HITPOINT WARNING * * *
* * * LOW HITPOINT WARNING * * *
You closely miss Frances.
Frances is moderately wounded.
Frances barely misses you.
You mangle Frances!!
Frances is heavily wounded.
Unknown command.
You scratch Frances but do no damage.
Frances is heavily wounded.
Frances closely misses you.
You scratch Frances.
Frances is heavily wounded.
Frances hits you with a +3 vorpal long sword!!
* * * LOW HITPOINT WARNING * * *
* * * LOW HITPOINT WARNING * * *
You mangle Frances!!
Frances is heavily wounded.
Frances mutters in a terrible tongue.
The iron shot hits you!!!
You die...

Action                   |  1- 3 |  4- 6 |  7- 9 | 10-12 || total
-------------------------+-------+-------+-------+-------++-------
Melee: Unarmed           |    92 |   123 |   351 |   411 ||   977
       Punch             |       |     6 |    11 |    28 ||    45
Throw: Large rock        |       |       |       |     6 ||     6
       Dart              |       |       |       |     1 ||     1
Invok: Fiery Armour      |       |       |     1 |       ||     1
       Heroism           |       |       |       |    13 ||    13
Evoke: Condenser vane    |       |       |       |     1 ||     1
  Use: Potion            |       |       |     1 |       ||     1
       Scroll            |       |       |       |    25 ||    25
Armor: Robe              |    42 |    51 |    53 |       ||   146
       Troll leather arm |       |       |    38 |       ||    38
       Swamp dragon scal |       |       |       |   129 ||   129
Dodge: Dodged            |    50 |    52 |   111 |    95 ||   308
Block: Kite shield       |       |       |     3 |       ||     3
       Other             |       |       |    32 |    70 ||   102
       Reflection        |       |       |       |     3 ||     3

Levels and vault maps discovered:
D:1:      dpeg_arrival_orchard, layout_loops_ring,
          shapermc_ecumenical_altar_mp_vishouse, st_stairs_2,
          minmay_misc_feat_nine_boxes, minmay_pentomino_z4
D:2:      layout_basic, uniq_natasha
D:3:      minmay_roachtagon, layout_basic
D:4:      layout_loops_corners, minmay_temple_entry_glassed_door,
          serial_demonic, serial_demonic_b, serial_demonic_c, serial_demonic_b,
          serial_demonic_b, chequers_serial_rivers_large_a, minmay_starry_boxes,
          uniq_sigmund
D:5:      black_bear_nest_1, layout_loops_corners, minmay_gold_behind_fungi,
          minmay_manual_macuahuitl
D:6:      layout_basic, uniq_blork_the_orc
D:7:      layout_basic, uniq_maggie, uniq_prince_ribbit1
D:8:      layout_loops_ring
D:9:      layout_roguey, nicolae_overflow_crystal_walls, dpeg_lair_monsters,
          david_orc_1_choice
D:10:     layout_roguey, jmf_multi_god_temple2, minmay_holes,
          kb_lookout_dungeons_type
D:11:     layout_cave_pools, chequers_serial_rivers_room_b,
          grunt_gozag_breadcrumbs
D:12:     layout_roguey, uniq_frances, uniq_kirke
Temple:   nicolae_temple_bog_church

Notes
Turn   | Place    | Note
-------+----------+-------------------------------------------
     0 | D:1      | sanka the Troll Cinder Acolyte began the quest for the Orb.
     0 | D:1      | Reached XP level 1. HP: 22/22 MP: 1/1
    94 | D:1      | Reached XP level 2. HP: 27/29 MP: 2/2
   636 | D:1      | Found a faded altar of an unknown god.
   747 | D:2      | Reached skill level 4 in Unarmed Combat
   793 | D:2      | Reached XP level 3. HP: 17/36 MP: 3/3
  1012 | D:2      | Noticed Natasha
  1020 | D:2      | Killed Natasha
  1052 | D:2      | Reached XP level 4. HP: 44/44 MP: 4/4
  1054 | D:2      | Identified the +3 leather armour of Inference {rN+ Int+2}
  1473 | D:2      | Noticed Natasha
  1482 | D:2      | Killed Natasha
  1483 | D:2      | Reached skill level 5 in Unarmed Combat
  1782 | D:3      | Identified the +1 leather armour of Indomitability {rPois
                  | Int-5 Dex+2}
  2008 | D:3      | Reached XP level 5. HP: 50/50 MP: 5/5
  2133 | D:3      | Reached skill level 6 in Unarmed Combat
  2332 | D:4      | Reached XP level 6. HP: 53/59 MP: 6/6
  2390 | D:4      | Reached skill level 7 in Unarmed Combat
  2522 | D:4      | Reached skill level 8 in Unarmed Combat
  2522 | D:4      | Reached XP level 7. HP: 45/66 MP: 7/7
  2602 | D:4      | Found a staircase to the Ecumenical Temple.
  2639 | D:4      | Noticed Sigmund
  2662 | D:4      | Killed Sigmund
  2726 | D:4      | Reached skill level 9 in Unarmed Combat
  3288 | Temple   | Entered the Ecumenical Temple
  3502 | D:5      | Entered Level 5 of the Dungeon
  3547 | D:5      | Reached XP level 8. HP: 70/74 MP: 8/8
  3699 | D:5      | Reached skill level 10 in Unarmed Combat
  3771 | D:5      | Found the +7 staff of the Meek {protect, meekguard}
  4234 | D:5      | Reached skill level 3 in Fighting
  4463 | D:5      | Reached skill level 4 in Fighting
  4578 | D:6      | Noticed Blork the orc
  4589 | D:6      | Killed Blork the orc
  4918 | D:6      | Reached skill level 11 in Unarmed Combat
  4934 | D:6      | HP: 8/118 [sky beast (6)]
  4935 | D:6      | HP: 2/118 [sky beast (5)]
  4938 | D:6      | Reached XP level 9. HP: 4/87 MP: 9/9
  5129 | D:6      | Reached skill level 5 in Fighting
  5250 | D:6      | Reached skill level 1 in Shields
  5439 | D:6      | Identified the +11 war axe "Oqomoe" {freeze, rPois rC++
                  | Int-4 SInv}
  5800 | D:7      | Reached skill level 6 in Fighting
  5886 | D:7      | Noticed Prince Ribbit
  5893 | D:7      | Reached skill level 12 in Unarmed Combat
  5926 | D:7      | Killed Prince Ribbit
  6018 | D:7      | Reached skill level 7 in Fighting
  6084 | D:7      | Reached skill level 1 in Transmutations
  6340 | D:7      | Reached skill level 1 in Earth Magic
  6407 | D:7      | Identified +1 swamp dragon scales
  6407 | D:7      | Noticed Maggie
  6415 | D:7      | Killed Maggie
  6416 | D:7      | Reached skill level 2 in Transmutations
  6416 | D:7      | Reached XP level 10. HP: 98/102 MP: 9/11
  6436 | D:7      | Learned a level 6 spell: Statue Form
  6697 | D:8      | Noticed a two-headed ogre
  6703 | D:8      | Killed a two-headed ogre
  6704 | D:8      | Reached skill level 2 in Spellcasting
  6704 | D:8      | Reached skill level 3 in Transmutations
  6704 | D:8      | Reached skill level 2 in Earth Magic
  6949 | D:8      | Reached skill level 3 in Earth Magic
  7177 | D:8      | Identified a scroll of acquirement
  7415 | D:8      | Reached skill level 4 in Transmutations
  7712 | Temple   | Fell from the grace of Ignis
  7712 | Temple   | Became a worshipper of Warmaster Okawaru
  7829 | D:9      | Learned a level 2 spell: Passwall
  7838 | D:9      | Found a white marble altar of Elyvilon.
  7885 | D:9      | Reached skill level 3 in Spellcasting
  7885 | D:9      | Reached skill level 4 in Earth Magic
  7916 | D:9      | Reached skill level 5 in Transmutations
  8087 | D:9      | Found a staircase to the Orcish Mines.
  8265 | D:9      | Reached * piety under Okawaru
  8385 | D:9      | Reached XP level 11. HP: 98/109 MP: 15/15
  8478 | D:10     | Entered Level 10 of the Dungeon
  8507 | D:10     | Reached skill level 6 in Transmutations
  8757 | D:9      | Noticed a death yak
  8772 | D:9      | Killed a death yak
  8773 | D:9      | Reached skill level 5 in Earth Magic
  8773 | D:9      | Reached skill level 1 in Invocations
  8801 | D:9      | Noticed a death yak
  8804 | D:9      | Noticed a death yak
  8837 | D:8      | Killed a death yak
  9045 | D:9      | Found a staircase to the Lair.
  9259 | D:11     | Reached ** piety under Okawaru
  9260 | D:11     | Reached skill level 2 in Invocations
  9267 | D:11     | Found an opulent altar of Gozag.
  9300 | D:11     | Identified +0 acid dragon scales
  9429 | D:11     | Noticed a two-headed ogre
  9437 | D:11     | Killed a two-headed ogre
  9438 | D:11     | Reached skill level 4 in Spellcasting
  9719 | D:10     | Found a large runed translucent door.
  9719 | D:10     | Found a large runed translucent door.
  9925 | D:10     | Noticed a two-headed ogre
  9975 | D:10     | Killed a two-headed ogre
  9976 | D:10     | Reached skill level 7 in Transmutations
  9976 | D:10     | Reached skill level 6 in Earth Magic
  9976 | D:10     | Reached skill level 3 in Invocations
 10111 | D:10     | Was forgiven by Ignis
 10581 | D:12     | Noticed Kirke
 10932 | D:12     | Noticed a lindwurm
 11009 | D:12     | Killed Kirke
 11009 | D:12     | Reached *** piety under Okawaru
 11010 | D:12     | Reached skill level 8 in Transmutations
 11010 | D:12     | Reached skill level 4 in Invocations
 11068 | D:12     | Noticed a boulder beetle
 11083 | D:12     | Killed a boulder beetle
 11084 | D:12     | Reached skill level 7 in Earth Magic
 11088 | D:12     | Noticed Frances
 11395 | D:12     | Killed from afar by Frances

Vanquished Creatures
  Kirke (D:12)
  A boulder beetle (D:12)
  3 two-headed ogres
  2 death yaks
  A gargoyle (D:12)
  Maggie (D:7)
  A komodo dragon (D:10)
  A kobold demonologist (D:12)
  4 trolls
  Prince Ribbit (D:7)
  Sigmund (D:4)
  A shadow (D:12)
  A wraith (D:5)
  A vampire (D:9)
  9 yaks
  13 fire elementals
  A wyvern (D:9)
  5 hogs
  2 humans (D:12)
  2 vampire mosquitoes (D:11)
  2 acid dragons (D:11)
  4 water moccasins
  2 sky beasts
  A black bear (D:5)
  9 orc warriors
  An ice beast (D:7)
  2 ogres (D:4)
  2 centaurs
  2 kobold brigands
  A phantom (D:4)
  Blork the orc (D:6)
  2 gnoll sergeants
  4 bullfrogs
  3 scorpions
  2 necrophages
  10 wights
  9 killer bees
  4 howler monkeys
  2 hounds
  2 jellies
  2 gnoll boudas
  4 orc priests
  5 iguanas
  10 orc wizards
  Natasha (twice) (D:2)
  3 hell rats (D:9)
  19 gnolls
  14 adders
  A river rat (D:9)
  A shadow imp (D:8)
  5 white imps
  3 ufetubi
  5 worms
  3 dart slugs
  35 orcs
  4 ball pythons
  4 bats
  8 endoplasms
  9 giant cockroaches
  6 goblins
  5 hobgoblins
  3 jackals (D:1)
  7 quokkas
  5 frilled lizards
  12 kobolds
  A rat (D:2)
  A bush (D:10)
294 creatures vanquished.

Vanquished Creatures (others)
  A demonic plant (D:4)
  4 toadstools (D:5)
5 creatures vanquished.

Grand Total: 299 creatures vanquished
